Construct Section Command Post
Selects Air and Sea Battlegroup
Construct Field Infirmary
Construct Platoon Command Post
Selects Commando Section Paradrop
Commando Section Paradrop
Unlock M3 Stuart Light Tanks
Selects M1 Pack Howitzer Paradrop
M1 Pack Howitzer Paradrop
Construct Company Command Post
Selects Centaur Medium Tank
6-pounder Anti-tank Gun Team
Unlock Bishop Self-propelled Artillery
Bishop Self-propelled Artillery
Selects Anti-tank Rocket Loiter
Unlock M3 Grant Medium Tanks
Commando Section Paradrop